 Dungeon Crawl Stone Soup version 0.20.1-1-g8b1a95d (webtiles) character file.

156 wnhky the Digger (level 5, 0/28 HPs)
             Began as a Gargoyle Earth Elementalist on Sept 10, 2017.
             Slain by an orc (2 damage)
             ... on level 4 of the Dungeon.
             The game lasted 00:08:36 (2941 turns).

wnhky the Digger (Gargoyle Earth Elementalist)      Turns: 2941, Time: 00:08:37

Health: 0/28       AC:  6    Str: 11    XL:     5   Next: 38%
Magic:  4/10       EV: 12    Int: 17    God:
Gold:   111        SH:  0    Dex: 10    Spells: 0/10 levels left

rFire    . . .     SeeInvis .   p - +0 short sword
rCold    . . .     Gourm    .   (no shield)
rNeg     + . .     Faith    .   c - +0 robe
rPois    ∞         Spirit   .   (no helmet)
rElec    +         Reflect  .   (no cloak)
rCorr    .         Harm     .   (no gloves)
MR       .....                  (no boots)
Stlth    ++........             (no amulet)
Regen    0.1/turn               n - ring of flight
MPRegen  0.2/turn               (no ring)

@: no status effects
A: negative energy resistance 1, electricity resistance, unbreathing,
petrification resistance, rot immunity, AC +4
a: Evoke Flight


You were on level 4 of the Dungeon.
You were very hungry.

You visited 1 branch of the dungeon, and saw 4 of its levels.

You collected 111 gold pieces.

Inventory:

Hand Weapons
 j - a +0 hand axe
 p - a +0 short sword (weapon)
Missiles
 b - 90 stones (quivered)
Armour
 c - a +0 robe (worn)
Jewellery
 n - a ring of flight (left hand)
 t - an uncursed ring of protection from fire {unknown}
Scrolls
 a - 4 scrolls of remove curse {unknown}
 f - 2 scrolls of enchant armour {unknown}
 i - 3 scrolls of identify {unknown}
 k - a scroll of enchant weapon {unknown}
 l - a scroll of teleportation {unknown}
 m - a scroll of noise {unknown}
 w - a scroll of recharging {unknown}
Potions
 g - a potion of heal wounds {unknown}
 h - 2 potions of haste {unknown}
 q - a potion of might {unknown}
 s - a potion of lignification {unknown}
 u - a potion of resistance {unknown}
 v - a potion of brilliance {unknown}
Books
 e - a book of Geomancy

   Spells                             Type                      Level
   a - Sandblast                      Earth                        1
   b - Passwall                       Transmutation/Earth          2
   c - Stone Arrow                    Conjuration/Earth            3
   d - Petrify                        Transmutation/Earth          4
   e - Lee's Rapid Deconstruction     Earth                        5
Comestibles
 d - 3 bread rations
 o - a royal jelly
 r - a fruit


   Skills:
 + Level 2.3 Dodging
 - Level 2.1 Stealth
 * Level 3.3 Spellcasting
 + Level 1.3 Conjurations
 - Level 0.7 Transmutations
 * Level 5.1 Earth Magic


You couldn't memorise any spells.
You knew the following spells:

 Your Spells              Type           Power        Failure   Level  Hunger
a - Sandblast             Erth           ###...       1%          1    None
b - Passwall              Tmut/Erth      ##........   8%          2    ##.....
c - Stone Arrow           Conj/Erth      ##....       13%         3    ###....
d - Petrify               Tmut/Erth      ##......     45%         4    ####...


Dungeon Overview and Level Annotations

Branches:
Dungeon (4/15)
 Temple: D:4-7

Altars:
Ashenzari


Innate Abilities, Weirdness & Mutations

You are resistant to torment.
Your stone body is resilient. (AC +4)
You are immune to poison.
You resist negative energy. (rN+)
You are resistant to electric shocks. (rElec)
You can survive without breathing.
You are immune to petrification.
You are immune to rotting.


Message History

b - 91 stones The giant cockroach stops moving altogether!
The worker ant bites you.
You are feeling very hungry.
You hit the worker ant.
The worker ant is moderately wounded.
The worker ant bites you. The iguana bites you! The worker ant bites you.
The iguana bites you!
* * * LOW HITPOINT WARNING * * *
Casting: Sandblast
Confirm with . or Enter, or press ? or * to list all spells.
Aiming: Sandblast
Press: ? - help, Shift-Dir - straight line, f - worker ant, p - giant cockroach
Aim: a worker ant (moderately wounded)
The blast of sand hits the worker ant.
The worker ant is heavily wounded.
b - 90 stones The worker ant bites you but does no damage.
The orc hits you.
You die...

......##. .
....#.... ..
#.#...?.. .#.
#........ ....
#s.......
#...###.^......
...#.....l......
#.....<@a......
.........o...#..
.#..........##
.........$...#
###............
#............#
#.........##.#
#.........# ..


You could see an iguana, a worker ant, an orc and a giant cockroach (petrified).

Vanquished Creatures
  An orc wizard (D:3)
  Jessica (D:2)
  2 adders
  2 worms (D:3)
  3 dart slugs
  A leopard gecko (D:3)
  3 orcs (D:3)
  15 bats
  4 giant cockroaches
  6 goblins
  10 hobgoblins
  A jackal (D:2)
  2 ball pythons
  4 frilled lizards
  7 kobolds
  7 rats
69 creatures vanquished.

Notes
Turn   | Place    | Note
-------+----------+-------------------------------------------
     0 | D:1      | wnhky the Gargoyle Earth Elementalist began the quest for the Orb.
     0 | D:1      | Reached XP level 1. HP: 10/10 MP: 3/3
   333 | D:1      | Reached XP level 2. HP: 5/15 MP: 1/5
   520 | D:1      | Learned a level 2 spell: Passwall
   534 | D:1      | Found a shattered altar of Ashenzari.
   909 | D:1      | Reached skill level 4 in Earth Magic
   992 | D:1      | Reached XP level 3. HP: 19/19 MP: 2/7
  1403 | D:1      | Learned a level 3 spell: Stone Arrow
  1551 | D:2      | Found a faded altar of an unknown god.
  2019 | D:2      | Reached XP level 4. HP: 24/24 MP: 5/8
  2066 | D:2      | Noticed Jessica
  2071 | D:2      | Killed Jessica
  2547 | D:3      | Reached skill level 1 in Conjurations
  2547 | D:3      | Reached skill level 5 in Earth Magic
  2547 | D:3      | Reached XP level 5. HP: 25/28 MP: 4/9
  2756 | D:3      | Learned a level 4 spell: Petrify
  2941 | D:4      | Slain by an orc

Skill      XL: |  1  2  3  4 |
---------------+-------------+-----
Earth Magic    | 4 5 |  5.1
Dodging        | 2 |  2.3
Spellcasting   | 3 |  3.3
Conjurations   | 1 |  1.3
Stealth        | |  2.1
Transmutations | |  0.7

Action                   |  1- 3 |  4- 6 || total
-------------------------+-------+-------++-------
Melee: Unarmed           |    14 |       ||    14
       Hand axe          |    33 |    13 ||    46
       Short sword       |       |    18 ||    18
 Cast: Sandblast         |    42 |    47 ||    89
       Stone Arrow       |       |     1 ||     1
       Petrify           |       |     1 ||     1
 Stab: Sleeping          |     1 |     1 ||     2
  Eat: Chunk             |     4 |     2 ||     6
Armor: Robe              |    23 |    17 ||    40
Dodge: Dodged            |    44 |    34 ||    78
